 Dungeon Crawl Stone Soup version 0.22-a0-252-gcace5d2 (webtiles) character file.

3056 confidenceinterval the Spear-Bearer (level 9, 0/63 HPs)
             Began as a Merfolk Summoner on Mar 2, 2018.
             Slain by a human
             ... wielding a +0 hand axe
              (11 damage)
             ... on level 7 of the Dungeon.
             The game lasted 00:20:41 (10016 turns).

confidenceinterval the Spear-Bearer (MfSu)         Turns: 10016, Time: 00:20:42

Health: 0/63       AC:  5    Str:  8    XL:     9   Next: 87%
Magic:  13/13      EV: 12    Int: 17    God:
Gold:   393        SH:  4    Dex: 18    Spells: 4/14 levels left

rFire    . . .     SeeInvis .   i - +2 spear (pierce)
rCold    . . .     Gourm    .   o - +0 buckler (curse)
rNeg     + . .     Faith    .   p - +0 robe {rN+}
rPois    .         Spirit   .   (no helmet)
rElec    .         Reflect  .   (no cloak)
rCorr    .         Harm     .   k - +2 pair of gloves {Dex+3}
MR       .....                  (no boots)
Stlth    ++........             (no amulet)
HPRegen  0.20/turn              t - ring of wizardry
MPRegen  0.13/turn              (no ring)

@: no status effects
A: change form in water, swift swim, stealthy swim
a: no special abilities


You were on level 7 of the Dungeon.
You were not hungry.

You visited 1 branch of the dungeon, and saw 7 of its levels.

You collected 393 gold pieces.

Inventory:

Hand Weapons
 b - a +1 dagger
 i - a +2 spear of piercing (weapon)
Armour
 k - a +2 pair of gloves of dexterity (worn)
 o - a cursed +0 buckler (worn)
 p - a +0 robe of positive energy (worn)
Jewellery
 t - a ring of wizardry (left hand)
Scrolls
 g - 4 scrolls of enchant armour
 h - 6 scrolls of remove curse
 l - 3 scrolls of teleportation
 q - a scroll of enchant weapon
 u - a scroll of blinking
 x - a scroll of identify
Potions
 a - a potion of agility
 d - a potion of mutation {unknown}
 e - a potion of haste
 f - 2 potions of flight
 j - a potion of magic
 m - a potion of brilliance
 n - 2 potions of curing
 r - 2 potions of heal wounds
 s - a potion of lignification {unknown}
 w - a potion of cancellation {unknown}
Comestibles
 c - 11 rations


   Skills:
 * Level 3.1 Fighting
 - Level 13.5 Polearms
 - Level 2.6 Dodging
 - Level 2.1 Stealth
 - Level 3.2 Spellcasting
 * Level 7.9 Summonings
 - Level 4.0 Ice Magic


You had 4 spell levels left.
You knew the following spells:

 Your Spells              Type           Power        Failure   Level  Hunger
a - Summon Small Mammal   Summ           ####         1%          1    None
b - Call Imp              Summ           ####....     1%          2    ##.....
c - Call Canine Familiar  Summ           ####....     1%          3    ###....
d - Summon Ice Beast      Ice/Summ       ###.....     10%         4    ####...


Dungeon Overview and Level Annotations

Branches:
Dungeon (7/15)
 Temple: D:4-7

Altars:
Ashenzari
Okawaru
Trog
Wu Jian

Shops:
D:5 ?


Message History

You are too injured to fight recklessly!
You are too injured to fight recklessly!
You are too injured to fight recklessly!
You are too injured to fight recklessly!
Unknown command.
You hit the hog.
The hog is almost dead.
You completely miss the hog.
The hog is almost dead.
The hog bites you!
* * * LOW HITPOINT WARNING * * *
You hit the hog.
You kill the hog!
Your Fighting skill increases to level 3!
You barely miss the human. You closely miss the human.
The human hits you with a hand axe.
* * * LOW HITPOINT WARNING * * *
You miss the human. You closely miss the human.
The human hits you with a hand axe!
You die...

........####.##............###.
.. .......# #.......####....####
..# #....####.###..####.........
...####....##..# ##.###.<........
...............# #..#.....######
###......####.## ##........# ##.
####....### #..###.........###..
........# ##p#.........#..#...
........########@##...##..##..##.
.####............#....##.....###.
###.########....#.##..#### #. ###
#...###.#..# ## ##.## ##..## ###
####


You could see a human.

Vanquished Creatures
  Pikel (D:6)
  Eustachio (D:6)
  A hog (D:7)
  Menkaure (D:5)
  2 water moccasins (D:5)
  An orc warrior (D:5)
  A sky beast (D:5)
  3 slaves
  2 ice beasts (D:5)
  2 phantoms
  A centaur (D:6)
  Blork the orc (D:6)
  2 bullfrogs
  A howler monkey (D:5)
  6 crimson imps
  3 orc priests
  3 centaur skeletons
  A hound (D:7)
  A bullfrog skeleton (D:5)
  7 orc wizards
  An iguana (D:6)
  5 worker ants
  A hound skeleton (D:4)
  A hound zombie (D:6)
  A worker ant zombie (D:6)
  10 adders
  A shadow imp (D:7)
  2 adder skeletons (D:6)
  An adder zombie (D:7)
  A worm (D:4)
  A dart slug (D:1)
  4 leopard geckos
  20 orcs
  3 ball pythons (D:1)
  10 bats
  4 giant cockroaches
  6 goblins
  8 hobgoblins
  12 jackals
  5 quokkas
  13 frilled lizards
  A giant cockroach zombie (D:5)
  4 kobolds
  A quokka skeleton (D:5)
  14 rats
171 creatures vanquished.

Vanquished Creatures (collateral kills)
  An ogre (D:4)
  2 hounds
  A jelly (D:6)
  An orc priest (D:5)
  An orc wizard (D:5)
  A gnoll (D:1)
  An adder skeleton (D:4)
  2 worms (D:2)
  A leopard gecko (D:1)
  4 orcs
  A bat (D:2)
  2 goblins (D:1)
  A hobgoblin (D:1)
  2 jackals
  A kobold (D:1)
22 creatures vanquished.

Grand Total: 193 creatures vanquished

Notes
Turn   | Place    | Note
-------+----------+-------------------------------------------
     0 | D:1      | confidenceinterval the Merfolk Summoner began the quest for the Orb.
     0 | D:1      | Reached XP level 1. HP: 13/13 MP: 3/3
   393 | D:1      | Reached XP level 2. HP: 14/19 MP: 1/5
   796 | D:1      | Reached XP level 3. HP: 23/24 MP: 4/6
  1287 | D:1      | Reached skill level 5 in Summonings
  2120 | D:2      | Learned a level 2 spell: Call Imp
  2268 | D:2      | Found an iron altar of Okawaru.
  2306 | D:2      | Noticed a moth of wrath
  2308 | D:2      | Found a bloodstained altar of Trog.
  2442 | D:2      | Reached XP level 4. HP: 30/30 MP: 7/7
  2447 | D:2      | Learned a level 3 spell: Call Canine Familiar
  3056 | D:2      | Reached skill level 1 in Polearms
  3376 | D:3      | Reached skill level 2 in Polearms
  3376 | D:3      | Reached XP level 5. HP: 28/35 MP: 8/8
  3615 | D:3      | Found an ornate altar of the Wu Jian Council.
  3729 | D:3      | Reached skill level 3 in Polearms
  4069 | D:4      | Noticed an ogre
  4088 | D:4      | Killed an ogre
  4088 | D:4      | Reached skill level 4 in Polearms
  4088 | D:4      | Reached XP level 6. HP: 41/41 MP: 2/10
  4214 | D:4      | Reached skill level 5 in Polearms
  4896 | D:5      | Entered Level 5 of the Dungeon
  4904 | D:5      | Noticed a sky beast
  4919 | D:5      | Killed a sky beast
  4919 | D:5      | Reached skill level 6 in Polearms
  4919 | D:5      | Reached XP level 7. HP: 21/46 MP: 11/11
  5085 | D:5      | Learned a level 4 spell: Summon Ice Beast
  5156 | D:5      | Reached skill level 7 in Polearms
  5598 | D:5      | Reached skill level 8 in Polearms
  5598 | D:5      | Reached skill level 1 in Ice Magic
  5634 | D:5      | Noticed Menkaure
  5991 | D:5      | Killed Menkaure
  5991 | D:5      | Reached skill level 9 in Polearms
  5991 | D:5      | Reached XP level 8. HP: 35/52 MP: 9/12
  6196 | D:5      | Found a shattered altar of Ashenzari.
  6219 | D:5      | Found Modo's Magic Scroll Boutique.
  6734 | D:5      | Reached skill level 10 in Polearms
  7287 | D:6      | Reached skill level 11 in Polearms
  7953 | D:6      | Noticed Blork the orc
  7963 | D:6      | Killed Blork the orc
  8057 | D:5      | Reached XP level 9. HP: 25/57 MP: 13/13
  8288 | D:6      | Noticed Pikel
  8323 | D:6      | Killed Pikel
  8323 | D:6      | Reached skill level 12 in Polearms
  8600 | D:6      | Reached skill level 13 in Polearms
  8978 | D:6      | Noticed Eustachio
  9073 | D:6      | Killed Eustachio
  9483 | D:7      | Reached skill level 1 in Fighting
 10016 | D:7      | Slain by a human

Vault maps used:
D:1:      co_arrival_random_square_maze
D:2:      tgw_trog, first_ration, okawaru_metal_pillars_3
D:3:      nicolae_overflow_crystal_walls, minmay_ruptured
D:5:      overflow_temple_1_default, serial_shops, shop, palyth_stone_intersect,
          st_stairs_7, roderic_serpentine_path, uniq_menkaure
D:6:      uniq_blork_the_orc, uniq_eustachio, uniq_pikel
D:7:      yredelemnul_forgotten_temple_becter, grunt_temple_overflow_open,
          temple_hall, grunt_livestock

Skill      XL: |  1  2  3  4  5  6  7  8  9 |
---------------+----------------------------+-----
Summonings     | 5 6 7 |  7.9
Polearms       | 2 4 6 9 11 13 | 13.5
Spellcasting   | 3 |  3.2
Ice Magic      | 1 2 4 |  4.0
Fighting       | 3 |  3.1
Dodging        | |  2.6
Stealth        | |  2.1

Action                   |  1- 3 |  4- 6 |  7- 9 || total
-------------------------+-------+-------+-------++-------
Melee: Dagger            |   173 |       |       ||   173
       Unarmed           |     2 |       |       ||     2
       Spear             |    22 |   213 |   618 ||   853
 Cast: Summon Small Mamm |    10 |       |       ||    10
       Call Imp          |     1 |       |     2 ||     3
       Call Canine Famil |       |     5 |     6 ||    11
       Summon Ice Beast  |       |       |     1 ||     1
  Use: Scroll            |     4 |    10 |     2 ||    16
       Potion            |       |       |     2 ||     2
 Stab: Sleeping          |     6 |     9 |     6 ||    21
       Distracted        |       |     1 |     2 ||     3
  Eat: Chunk             |     5 |     9 |    14 ||    28
       Ration            |       |       |     1 ||     1
Armor: Robe              |    83 |    43 |    70 ||   196
Dodge: Dodged            |   202 |   107 |   166 ||   475
Block: Buckler           |       |     3 |    45 ||    48

Table legend:
 A = Spawn XP
 B = Non-spawn XP
 C = Spawn XP percentage of total XP
 D = Spawn monster count
 E = Non-spawn monster count
 F = Spawn count percentage of total count
 G = Total turns spent on level
                    A         B        C        D         E        F      G
               +---------+---------+-------+---------+---------+-------+---------
         Total |       0 |    4366 |   0.0 |       0 |     190 |   0.0 | 10016
               +---------+---------+-------+---------+---------+-------+---------
           D:1 |       0 |      66 |   0.0 |       0 |      35 |   0.0 |  2085
           D:2 |       0 |      80 |   0.0 |       0 |      28 |   0.0 |  1194
           D:3 |       0 |     151 |   0.0 |       0 |      28 |   0.0 |   790
           D:4 |       0 |     238 |   0.0 |       0 |      16 |   0.0 |  1073
           D:5 |       0 |    1376 |   0.0 |       0 |      31 |   0.0 |  2688
           D:6 |       0 |    1759 |   0.0 |       0 |      33 |   0.0 |  1411
           D:7 |       0 |     696 |   0.0 |       0 |      19 |   0.0 |   775
               +---------+---------+-------+---------+---------+-------+---------
